Map: King Sejong Station LE

Players

Fropez - Winner!

  • Race: Protoss Protoss
  • League: Gold
  • Spawn Location: 5:00

kungPOWadobo

  • Race: Protoss Protoss
  • League: Gold
  • Spawn Location: 11:00

VOD

Have the link to the VOD?

Description

Time

  • Played on: Nov. 14, 2016, 6:17 p.m.
  • Length: 13:29
Show
View Real Time Build Order
Export as new Build Order

Fropez Protoss - Winner!

Build Orders:  

Get SALT Encoding   

  12  0:00  Probe (Chrono Boost)  
  13  0:11  Probe (Chrono Boost)  
  14  0:18  Pylon  
  14  0:22  Probe (Chrono Boost)  
  15  0:36  Probe (Chrono Boost)  
  15  0:39  Gateway  
  16  0:45  Assimilator  
  16  0:46  Probe (Chrono Boost)  
  17  1:01  Probe (Chrono Boost)  
  18  1:27  Cybernetics Core  
  18  1:29  Probe (Chrono Boost)  
  19  1:51  Probe (Chrono Boost)  
  20  2:03  Nexus  
  20  2:06  Warp Gate (Chrono Boost)  
  20  2:12  Mothership Core (Chrono Boost)  
  22  2:18  Assimilator  
  22  2:36  Probe (Chrono Boost)  
  23  2:48  Pylon  
  22  2:51  Gateway  
  22  2:55  Probe  
  23  3:06  Stalker  
  23  3:08  Probe  
  23  3:09  Pylon  
  26  3:18  Probe  
  27  3:22  Twilight Council  
  27  3:23  Probe  
  28  3:32  Gateway  
  28  3:35  Probe  
  28  3:38  Probe  
  30  4:00  Probe, Robotics Facility  
  31  4:04  Pylon, Probe  
  31  4:09  Assimilator  
  32  4:12  Probe  
  33  4:25  Forge  
  33  4:26  Probe x2  
  33  4:27  Pylon  
  35  4:37  Templar Archives  
  35  4:39  Probe  
  35  4:40  Probe  
  37  4:50  Probe  
  38  4:54  Warp Prism, Probe  
  38  4:57  Protoss Ground Weapons Level 1 (Chrono Boost)  
  38  4:59  Pylon  
  41  5:05  Resonating Glaives (Chrono Boost)  
  41  5:18  Probe, Assimilator  
  41  5:19  Probe  
  43  5:24  Pylon  
  43  5:28  Observer  
  43  5:29  Pylon  
  44  5:43  Gateway  
  44  5:47  Stalker  
  44  5:49  Gateway x2  
  45  5:55  Stalker  
  40  5:59  Probe  
  40  6:00  Probe  
  40  6:12  Probe  
  41  6:24  Adept x3  
  47  6:27  Protoss Shields Level 1  
  47  6:49  Adept  
  49  7:00  Adept x5  
  43  7:42  Stalker x3  
  43  7:43  Stalker x3  
  55  7:54  Photon Cannon  
  55  7:55  Probe x2  
  57  7:59  Photon Cannon  
  57  8:07  Probe  
  57  8:08  High Templar x4  
  57  8:12  Archon x2  
  66  8:25  Adept x2  
  62  8:57  Adept  
  62  8:58  Adept x3  
  62  8:59  Adept x2  
  73  9:23  Nexus  
  73  9:25  Probe x2  
  73  9:26  Pylon  
  75  9:34  Stalker  
  75  9:35  Stalker x2  
  81  9:53  High Templar x2  
  81  9:54  High Templar  
  87  10:01  Archon  
  75  10:43  Probe, Protoss Shields Level 2  
  75  10:44  Probe x2  
  78  10:50  Gateway  
  78  10:56  Probe  
  79  10:57  Stalker x5  
  79  10:58  Stalker  
  91  11:04  Probe  
  91  11:05  Probe  
  93  11:11  Forge, Gateway  
  93  11:15  Gateway  
  93  11:18  Pylon, Probe x2  
  95  11:21  Pylon, Probe  
  95  11:23  Assimilator  
  96  11:27  Assimilator  
  96  11:39  High Templar  
  98  11:40  High Templar x5  
  98  11:43  Probe  
  98  11:44  Probe x2  
  111  11:47  Archon x3  
  111  12:04  Photon Cannon  
  111  12:18  Photon Cannon  
  111  12:19  Probe  
  111  12:20  Probe x2  
  111  12:21  Photon Cannon  
  114  12:29  Photon Cannon  
  114  12:30  Probe  
  114  12:32  Probe  
  116  12:40  Adept x4  
  116  12:41  Adept x2  
  128  12:46  Photon Cannon  
  128  12:51  Pylon  
  128  12:54  Pylon  
  107  13:06  High Templar  
  107  13:07  High Templar x4  
  107  13:09  High Templar  
  107  13:11  Archon x2  
  112  13:13  Archon  
Show
View Real Time Build Order
Export as new Build Order

kungPOWadobo Protoss 

Build Orders:  

Get SALT Encoding   

  12  0:01  Probe (Chrono Boost)  
  13  0:21  Probe (Chrono Boost)  
  14  0:23  Pylon  
  14  0:31  Probe (Chrono Boost)  
  15  0:42  Probe (Chrono Boost)  
  16  0:49  Gateway  
  16  0:51  Assimilator  
  15  0:59  Assimilator  
  15  1:00  Probe (Chrono Boost)  
  16  1:08  Assimilator  
  16  1:10  Probe (Chrono Boost)  
  17  1:22  Forge  
  17  1:25  Probe (Chrono Boost)  
  18  1:51  Probe (Chrono Boost)  
  18  1:52  Assimilator  
  19  1:58  Assimilator  
  20  2:01  Probe (Chrono Boost)  
  20  2:12  Probe (Chrono Boost)  
  21  2:22  Probe (Chrono Boost)  
  22  2:29  Photon Cannon  
  22  2:33  Probe (Chrono Boost), Cybernetics Core  
  23  3:06  Nexus  
  23  3:13  Pylon  
  23  3:23  Pylon  
  23  3:31  Zealot  
  25  3:42  Stargate  
  25  3:47  Stargate  
  25  3:57  Photon Cannon  
  25  4:03  Probe (Chrono Boost)  
  26  4:14  Probe (Chrono Boost)  
  27  4:18  Probe (Chrono Boost)  
  28  4:24  Probe (Chrono Boost)  
  28  4:27  Probe (Chrono Boost)  
  28  4:28  Oracle (Chrono Boost)  
  33  4:35  Probe  
  33  4:38  Probe  
  35  4:47  Probe  
  35  4:48  Probe  
  37  4:59  Probe x2  
  42  5:03  Void Ray (Chrono Boost)  
  43  5:09  Probe  
  44  5:20  Probe x2 (Chrono Boost)  
  46  5:32  Probe x2 (Chrono Boost)  
  48  5:42  Probe (Chrono Boost)  
  50  5:43  Probe (Chrono Boost)  
  50  5:53  Probe x2 (Chrono Boost)  
  52  6:01  Void Ray  
  52  6:03  Probe (Chrono Boost)  
  54  6:09  Pylon  
  54  6:20  Pylon  
  54  6:26  Void Ray  
  54  6:27  Zealot, Mothership Core (Chrono Boost)  
  62  6:44  Void Ray  
  62  6:45  Protoss Air Weapons Level 1  
  66  6:51  Nexus  
  66  6:52  Pylon  
  66  6:54  Zealot  
  68  6:59  Probe (Chrono Boost)  
  69  7:10  Void Ray  
  62  7:39  Void Ray  
  66  7:48  Pylon  
  66  7:49  Probe (Chrono Boost)  
  67  7:54  Photon Cannon  
  67  7:57  Photon Cannon  
  67  8:00  Probe (Chrono Boost)  
  67  8:04  Void Ray  
  72  8:10  Probe (Chrono Boost)  
  73  8:15  Probe (Chrono Boost)  
  73  8:18  Photon Cannon  
  74  8:21  Void Ray, Probe (Chrono Boost)  
  74  8:25  Probe (Chrono Boost)  
  80  8:31  Probe (Chrono Boost)  
  81  8:36  Probe (Chrono Boost)  
  82  8:42  Probe (Chrono Boost)  
  82  8:46  Void Ray, Probe (Chrono Boost)  
  66  8:57  Probe (Chrono Boost)  
  66  9:01  Pylon  
  67  9:06  Probe (Chrono Boost)  
  68  9:11  Photon Cannon  
  68  9:16  Probe (Chrono Boost)  
  68  9:17  Void Ray  
  69  9:21  Photon Cannon  
  73  9:27  Probe (Chrono Boost), Photon Cannon  
  73  9:28  Probe (Chrono Boost)  
  73  9:29  Void Ray  
  79  9:37  Probe (Chrono Boost)  
  79  9:38  Stargate  
  80  9:39  Pylon, Probe (Chrono Boost)  
  81  9:48  Probe (Chrono Boost), Zealot  
  81  9:49  Probe (Chrono Boost)  
  85  9:52  Protoss Air Armor Level 1  
  85  10:00  Probe (Chrono Boost)  
  85  10:06  Void Ray  
  90  10:10  Probe (Chrono Boost)  
  91  10:15  Zealot  
  83  10:42  Zealot  
  85  10:43  Probe (Chrono Boost)  
  86  10:51  Void Ray  
  86  10:53  Probe (Chrono Boost)  
  92  11:04  Probe (Chrono Boost)  
  92  11:09  Zealot  
  94  11:15  Pylon  
  94  11:18  Photon Cannon  
  94  11:33  Void Ray, Probe (Chrono Boost)  
  94  11:36  Twilight Council, Zealot  
  101  11:44  Probe (Chrono Boost)  
  102  12:05  Pylon  
  102  12:06  Pylon  
  102  12:21  Nexus  
  102  12:22  Pylon  
  102  12:23  Void Ray, Pylon  
Tags
 
League
GoldGold
Matchup
PvP
Replay Pack
All Mines
Spawn Locations
Cross Positions
Add a new tag
Caveats
  • Supply blocks, unpowered buildings, or Contaminate may cause inaccurate times.
  • Supply counts are checked every 10 seconds.